 Dungeon Crawl Stone Soup version 0.15.1-1-gfacfea3 (webtiles) character file.

78 DrPain the Sneak (level 4, 0/22 HPs)
             Began as a Spriggan Assassin on Sept 22, 2014.
             Slain by a worm (8 damage)
             ... on Level 2 of the Dungeon.
             The game lasted 00:03:50 (1897 turns).

DrPain the Sneak (Spriggan Assassin)                Turns: 1897, Time: 00:03:50

HP   0/22        AC  4     Str  7      XL: 4   Next: 15%
MP   8/8         EV 17     Int 12      God:
Gold 108         SH  0     Dex 18      Spells:  0 memorised,  3 levels left

rFire  . . .     SeeInvis +     i - -1 whip (curse)
rCold  . . .     Clarity  .     c - +0 robe
rNeg   . . .     rCorr    .     (shield restricted)
rPois  .         rRot     .     (helmet restricted)
rElec  .         Spirit   .     d - +1 cloak
SustAb .         Warding  .     (gloves unavailable)
rMut   .         Stasis   .     (boots unavailable)
Gourm  .                        (no amulet)
MR     +....                    (no ring)
                                (no ring)

@: very quick, somewhat resistant to hostile enchantments, stealthy
A: unfitting armour, talons 1, see invisible, herbivore 3, speed 3, magic
resistance 1, slow metabolism 2, spit poison 1
a: Spit Poison


You were on level 2 of the Dungeon.
You were not hungry.

You visited 1 branch of the dungeon, and saw 2 of its levels.

You collected 108 gold pieces.

Inventory:

Hand weapons
 f - a +0 blowgun
 i - a cursed -1 whip (weapon)
 j - a +0 short sword of venom
 o - a +0 mace
 w - a +2 dagger
Missiles
 b - 2 curare-tipped needles
 e - 8 poisoned needles
Armour
 c - a +0 robe (worn)
 d - a +1 cloak (worn)
Comestibles
 a - a slice of pizza
 k - a bread ration
Scrolls
 l - a scroll of remove curse {unknown}
Potions
 g - a potion of porridge
 h - a potion of heal wounds {unknown}
 m - a potion of brilliance {unknown}
 n - a potion of resistance {unknown}


   Skills:
 - Level 1.5 Fighting
 - Level 4.2 Short Blades
 + Level 1.3 Maces & Flails
 - Level 2.1 Throwing
 - Level 1.5 Dodging
 - Level 5.8 Stealth


You had 3 spell levels left.
You didn't know any spells.

Dungeon Overview and Level Annotations

Branches:
Dungeon (2/15)

Altars:


Innate Abilities, Weirdness & Mutations

You are tiny and cannot use many weapons and most armour.
You have supernaturally acute eyesight.
You are a herbivore.
You cover ground extremely quickly.
You need consume almost no food.
You have sharp toenails.
You are resistant to hostile enchantments.
You can spit poison.


Message History

You hit the worm.
The worm is heavily wounded.
You hit the worm.
The worm is heavily wounded.
The worm bites you but does no damage.
You barely miss the worm.
The worm is heavily wounded.
The worm bites you.
You hit the worm. Your kick misses the worm.
The worm is severely wounded.
You hit the worm but do no damage.
The worm is severely wounded.
The worm closely misses you.
You hit the worm.
The worm is almost dead.
The worm bites you. The worm bites you but does no damage.
You hit the worm.
You kill the worm!
The worm bites you!
You die...

.,,,,,,,,,(,,,,.,>,,,,,,,,*,*,**
#######*,#.#**#.***********,*,,*
......#*,#.# *.##*********,**,*
#####.##,#.#***...,,,,,,,**,**,*
#..#,...,,,..#******,**,**,*
##.###.#####.# *,,,**,**,*
#.##......#.# *,****,**,*
#.##..###.#w#####.##**,**,*
#..#.......@s.......,,,**,*
##.##%###.#.#####.##*****,*
#.##.# #.#.# *,* *,*
#)##.###.#.# *,* *,*
#..#.......# *,* *,*
##.#.###.### *,# *,* #...#
#.#######.####***,* ##(.#
#.............,,,,* #.>#
#.###.....####*****


You could see a worm and a giant cockroach.

Vanquished Creatures
  Ijyb (D:2)
  2 adders (D:2)
  A worm (D:2)
  A giant gecko (D:1)
  4 hobgoblins
  3 jackals (D:1)
  4 kobolds
  A ball python (D:1)
  8 bats
  3 giant newts (D:1)
  4 goblins (D:1)
  6 rats (D:1)
38 creatures vanquished.

Notes
Turn   | Place    | Note
--------------------------------------------------------------
     0 | D:1      | DrPain, the Spriggan Assassin, began the quest for the Orb.
     0 | D:1      | Reached XP level 1. HP: 10/10 MP: 2/2
    81 | D:1      | Reached XP level 2. HP: 5/14 MP: 4/4
   700 | D:1      | Gained mutation: You are resistant to hostile enchantments. [potion of mutation]
   700 | D:1      | Gained mutation: You have sharp toenails. [potion of mutation]
   700 | D:1      | Gained mutation: You can spit poison. [potion of mutation]
   772 | D:1      | Reached XP level 3. HP: 6/18 MP: 6/6
  1711 | D:2      | Noticed Ijyb
  1737 | D:2      | Killed Ijyb
  1737 | D:2      | Reached skill level 1 in Maces & Flails
  1788 | D:2      | Reached XP level 4. HP: 18/22 MP: 8/8
  1897 | D:2      | Slain by a worm

Action                   |  1- 3 |  4- 6 || total
-------------------------+-------+-------++-------
Melee: Dagger            |    39 |       ||    39
       Whip              |    85 |    17 ||   102
       Short sword       |     7 |       ||     7
  Use: Potion            |     3 |       ||     3
       Scroll            |     3 |       ||     3
 Stab: Sleeping          |     6 |     2 ||     8
       Distracted        |     1 |       ||     1
